[Event "Early-Titled-Tuesday-Blitz-June-18-2024"]
[Site "Chess.com"]
[Date "2024.06.18"]
[Round "4"]
[White "marszach123"]
[Black "ferrufino64"]
[Result "1-0"]
[WhiteElo "1938"]
[BlackElo "2281"]
[TimeControl "180+1"]
[EndTime "8:40:25 PDT"]
[Termination "marszach123 won by resignation"]

1. e4 c5 2. Nf3 d6 3. c3 Nf6 4. g3 Nc6 5. d3 e5 6. Bg2 Be7 7.
Nbd2 O-O 8. O-O d5 9. exd5 Nxd5 10. Ne4 f5 11. Ned2 Be6 12. Re1 Bf6 13. Qc2 Qd7 14. Nc4 Rad8 15. Nfxe5 Qc7 16. Nxc6 Qxc6 17. Ne5 Qd6 18.
f4 b5 19. d4 cxd4 20. cxd4 Nb4 21. Qd1 Bxe5 22. fxe5 Qxd4+ 23. Be3 Qxb2 24. Qh5 Nc2 25. Rab1 Qc3 26. Rbc1 Qxe5 27. Rxc2 f4 28. Qxe5 Rfe8 29. Qxf4 Bc4 30. Rxc4 bxc4 31. Qxc4+ Kh8 32. Bf2 Rf8 33. Qc7 Rc8 34. Qxa7 Rcd8 35. Bd4 Rg8 36. Re7 Rxd4 37. Qxd4 h5 38. Qe5 Rf8 39. Qxh5+ Kg8 40. Bd5+ Rf7 41. Qxf7+ 1-0

[Event "Early-Titled-Tuesday-Blitz-June-18-2024"]
[Site "Chess.com"]
[Date "2024.06.18"]
[Round "4"]
[White "Andrey_Klymchuk"]
[Black "CrimeFightingSpider07"]
[Result "0-1"]
[WhiteElo "2706"]
[BlackElo "2546"]
[TimeControl "180+1"]
[EndTime "8:40:27 PDT"]
[Termination "CrimeFightingSpider07 won by resignation"]

1. e4 e5 2. Nf3 Nf6 3. Nxe5 d6 4. Nf3 Nxe4 5. Nc3 Nxc3 6. dxc3 Be7 7. Be3 Nd7 8. Qd2 Ne5 9. O-O-O Nxf3 10. gxf3 O-O 11. h4 Bf5 12. h5 Qd7 13. Rg1 Rfe8 14. Bd4 g6 15. hxg6 fxg6 16. Bc4+ d5 17. Bd3 Rf8 18. Rde1 Bf6 19. Be5 Bxe5 20. Rxe5 Rae8 21. f4 Bxd3 22. cxd3 Rxe5 23. fxe5 Qf5 24. Re1 Qxf2 25. Re2 Qf4 26. Re3 d4 27. cxd4 Qxd4 28. e6 Re8 29. Qe2 Qc5+ 30. Kb1 Qe7 31. d4 c6 32. Re5 Qf6 33. a3 Re7 34. Ka2 Qf8 35. d5 cxd5 36. Rxd5 Qc8 37.
Rd6 Qc5 38. Qd3 Qe5 0-1

[Event "Early-Titled-Tuesday-Blitz-June-18-2024"]
[Site "Chess.com"]
[Date "2024.06.18"]
[Round "4"]
[White "bazar-wokzal"]
[Black "Defenstrator"]
[Result "1-0"]
[WhiteElo "2591"]
[BlackElo "2391"]
[TimeControl "180+1"]
[EndTime "8:40:27 PDT"]
[Termination "bazar-wokzal won by resignation"]

1. e4 d6 2. f4 e5 3. Bc4 exf4 4.
d4 g5 5. h4 Bg7 6. hxg5 Qxg5 7. Nf3 Qg3+ 8. Kf1 Bg4 9. Nc3 Nc6 10. Nd5 Bxf3 11. gxf3 Bxd4 12. Qe2 O-O-O 13. Bxf4 Qg7 14. c3 Be5 15. Rg1 Qf8 16. Bg5 Re8 17. f4 Bg7 18. Qg4+ f5 19. Qxf5+ Qxf5 20. exf5 Nh6 21. f6 Bf8 22. Bd3 Nf7 23. Bf5+ Kb8 24. Re1 Bh6 25.
Rxe8+ Rxe8 26. Bxh7 Ncd8 27. Ne7 Nc6 28. Bg6 Rf8 29. Bxf7 Bxg5 30. Nxc6+ bxc6 31. fxg5 Rxf7 32. Ke2 1-0

[Event "Early-Titled-Tuesday-Blitz-June-18-2024"]
[Site "Chess.com"]
[Date "2024.06.18"]
[Round "4"]
[White "Emp3rador"]
[Black "mitrabhaa"]
[Result "0-1"]
[WhiteElo "2622"]
[BlackElo "2964"]
[TimeControl "180+1"]
[EndTime "8:40:29 PDT"]
[Termination "mitrabhaa won on time"]

1. e4 Nh6 2. d4 Ng8 3. Nc3 g6 4. Bc4 Bg7 5. h4 h6 6. h5 g5 7.
f4 gxf4 8. Bxf4 d6 9. Qd3 Nc6 10. Nge2 Bg4 11. O-O-O Qd7 12. Qg3 Nf6 13. e5 Nxh5 14.
Rxh5 Bxh5 15. Qxg7 O-O-O 16. Qg3 Rdg8 17. Qf2 Qf5 18. Ng3 Rxg3 19. Bxg3 Qxf2 20. Bxf2 Bxd1 21. Kxd1 dxe5 22. Bxf7 Nxd4 23. Ne4 Rf8 24. Bc4 b6 25. c3 Nf5 26. Ke2 Nd6 27. Be6+ Kd8 28. Ng3 Rf6 29. Bd5 Kd7 30. Be3 Rg6 31. Kf2 c6 32. Bf3 Nc4 33. Bc1 Rf6 34. b3 Nd6 35.
Ke2 Nb5 36. Kd3 Rd6+ 37. Kc2 Rg6 38. Nf5 Nd6 39. Nxh6 e4 40. Bg4+ Kc7 41. Bf4 e5 42. Be3 c5 43. Bh3 a5 44. a4 c4 45. b4 Rg3 46.
Kd2 axb4 0-1

[Event "Early-Titled-Tuesday-Blitz-June-18-2024"]
[Site "Chess.com"]
[Date "2024.06.18"]
[Round "4"]
[White "Individoom"]
[Black "ketster"]
[Result "1-0"]
[WhiteElo "2795"]
[BlackElo "2567"]
[TimeControl "180+1"]
[EndTime "8:40:29 PDT"]
[Termination "Individoom won by checkmate"]

1. d4 d5 2. Nf3 Nf6 3. Bf4 c5 4. e3 Qb6 5. Nc3 e6 6. Rb1 Bd7 7. Ne5 cxd4 8. exd4 Bb4 9. Bd3 Bb5 10.
O-O Bxd3 11. Nxd3 Nc6 12. Nxb4 Qxb4 13. Ne2 O-O 14. c3 Qb6 15. Ng3 a5 16. a4 Qa6 17.
Ra1 b5 18. axb5 Qxb5 19. Ra2 a4 20. Bd6 Rfd8 21. Ba3 Qb3 22. Ra1 Na5 23. Be7 Rdb8 24. Bxf6 gxf6 25. Qg4+ Kf8 26. Nh5 Qxb2 27. Qg7+ Ke7 28.
Qxf6+ Ke8 29. Ng7+ Kd7 30. Qxf7+ Kc6 31. Qxe6+ Kc7 32. Qe5+ Kc6 33. Nf5 Nc4 34. Qe6+ Kc7 35. Qxd5 Qb5 36. Qf7+ Kc6 37. Rfe1 Rf8 38. Re6+ Kd5 39.
Ne7# 1-0

[Event "Early-Titled-Tuesday-Blitz-June-18-2024"]
[Site "Chess.com"]
[Date "2024.06.18"]
[Round "4"]
[White "AGW2016"]
[Black "CSB7"]
[Result "0-1"]
[WhiteElo "2543"]
[BlackElo "2740"]
[TimeControl "180+1"]
[EndTime "8:40:29 PDT"]
[Termination "CSB7 won by resignation"]

1. d4 d5 2. Nf3 Nf6 3. Bf4 c5 4. e3 Nc6 5. c3 Qb6 6. Qb3 c4 7. Qc2 Bf5 8. Qc1 e6 9. Nbd2 h6 10. Be2 Be7 11. O-O Qd8 12. b3 b5 13. a4 a6 14. Ne5 Nxe5 15. Bxe5 O-O 16. h3 Qd7 17. b4 a5 18. bxa5 bxa4 19. Bxf6 Bxf6 20. e4 Bh7 21. Qc2 Rxa5 22. Rfb1 Rfa8 23. Bxc4 dxc4 24. Nxc4 Rg5 25. Nb6 Qc6 26. Nxa8 Bxe4 27. Rb8+ Kh7 28. Qe2 Rxg2+ 29.
Kf1 Rh2 0-1

[Event "Early-Titled-Tuesday-Blitz-June-18-2024"]
[Site "Chess.com"]
[Date "2024.06.18"]
[Round "4"]
[White "Giantgoogachess"]
[Black "Meri-Arabidze"]
[Result "0-1"]
[WhiteElo "2437"]
[BlackElo "2670"]
[TimeControl "180+1"]
[EndTime "8:40:29 PDT"]
[Termination "Meri-Arabidze won by resignation"]

1. Nf3 Nf6 2. g3 g6 3. Bg2 Bg7 4. O-O O-O 5. d4 d5 6. c4 c6 7. a4 a5 8. cxd5 Nxd5 9. e4 Nb4 10. Nc3 Bg4 11. Be3 Qc8 12. Qd2 Bh3 13. Rfe1 Bxg2 14. Kxg2 Rd8 15. Rad1 Nd7 16. h3 Nf6 17.
Qe2 Qe6 18. Ne5 Nd7 19. f4 f5 20. d5 cxd5 21. exd5 Qa6 22. Nb5 Nxe5 23. fxe5 Rxd5 24. Bg5 e6 25. Rxd5 Nxd5 26. Qc4 h6 27. Bf6 Qc6 28. Qxc6 bxc6 29. Nd4 Nxf6 30. exf6 Bxf6 31. Nxc6 Kf7 32. Ne5+ Bxe5 33. Rxe5 Rb8 34. Rxa5 Rxb2+ 35. Kf3 Ra2 36. h4 Kf6 37. Ra6 Ra3+ 38. Kf2 g5 39. hxg5+ hxg5 40. a5 Ke5 41. Ra8 Ke4 42. a6 Ra2+ 43. Kg1 Kf3 44. a7 Kxg3 45. Kf1 Kf3 46. Ke1 g4 0-1

[Event "Early-Titled-Tuesday-Blitz-June-18-2024"]
[Site "Chess.com"]
[Date "2024.06.18"]
[Round "4"]
[White "Barmen_EV"]
[Black "salomez"]
[Result "1-0"]
[WhiteElo "2539"]
[BlackElo "2359"]
[TimeControl "180+1"]
[EndTime "8:40:29 PDT"]
[Termination "Barmen_EV won by checkmate"]

1. e4 c5 2. c3 Nf6 3. e5 Nd5 4. d4 cxd4 5. Nf3 d6 6. cxd4 Nc6 7. Bc4 Nb6 8. Bxf7+ Kxf7 9. e6+ Kxe6 10. Ng5+ Kd7 11. Nf7 Qe8 12. Nxh8 e6 13. O-O Be7 14. a4 Qxh8 15. a5 Nd5 16. Nc3 Nxc3 17. bxc3 Qd8 18. c4 Bf6 19. Be3 Ke7 20. d5 Ne5 21. c5 dxc5 22. Bxc5+ Kf7 23. Qh5+ Kg8 24. Rad1 exd5 25. Rxd5 Bd7 26. Rxe5 Bxe5 27. Qxe5 Bc6 28. Bd4 Qf8 29. h4 a6 30. h5 h6 31. Qe6+ Qf7 32. Qg4 Rd8 33. Re1 Rd7 34. Bxg7 Qxg7 35. Re8+ Kf7 36. Qe6# 1-0

[Event "Early-Titled-Tuesday-Blitz-June-18-2024"]
[Site "Chess.com"]
[Date "2024.06.18"]
[Round "4"]
[White "unbreakablepawn35"]
[Black "HanSchut"]
[Result "1-0"]
[WhiteElo "2396"]
[BlackElo "2256"]
[TimeControl "180+1"]
[EndTime "8:40:29 PDT"]
[Termination "unbreakablepawn35 won by resignation"]

1. c4 Nf6 2. Nc3 d5 3. cxd5 Nxd5 4. e4 Nb4 5. d3 c5 6. a3 N4c6 7. Nf3 e5 8. Be2 Be7 9. O-O Be6 10. Be3 f6 11.
Nh4 O-O 12. g3 Nd4 13. f4 Nbc6 14. f5 Bb3 15. Qd2 Nc2 16. Rac1 Nxe3 17. Qxe3 Qd7 18.
Bd1 Bf7 19. Ba4 a6 20. Bxc6 Qxc6 21. Nf3 Rad8 22. Rfd1 b5 23. Kg2 Rd7 24. g4 h6 25.
h4 Rfd8 26. g5 hxg5 27. hxg5 b4 28. axb4 c4 29. g6 Be8 30. Nd5 Rxd5 31. exd5 Qxd5 32.
dxc4 Qxd1 33. Rxd1 Rxd1 34. Qe4 Rd4 35. Nxd4 exd4 36.
Qxe7 1-0

[Event "Early-Titled-Tuesday-Blitz-June-18-2024"]
[Site "Chess.com"]
[Date "2024.06.18"]
[Round "4"]
[White "Kostukov_Alex"]
[Black "Sic_Transit_GM"]
[Result "0-1"]
[WhiteElo "2314"]
[BlackElo "2588"]
[TimeControl "180+1"]
[EndTime "8:40:32 PDT"]
[Termination "Sic_Transit_GM won on time"]

1. g3 d5 2. Bg2 Nf6 3. d3 Bg4 4. c4 c6 5. Qb3 Qb6 6. Nc3 e6 7. Be3 Qc7 8. Bf4 Qb6 9. Nf3 Nbd7 10. Qxb6 axb6 11. cxd5 exd5 12. O-O Bb4 13. h3 Bh5 14. g4 Bg6 15. Ne5 O-O 16. Nxd7 Nxd7 17. Rfc1 Rfe8 18. Kf1 Nc5 19. Be3 Nd7 20. Bf4 Nc5 21. Be3 Rad8 22. d4 Ne6 23. a3 Bd6 24. a4 h5 25. a5 bxa5 26. Rxa5 hxg4 27. hxg4 Nf4 28. Bxf4 Bxf4 29. e3 Bd6 30. Ra7 Rb8 31. Na4 Bd3+ 32. Kg1 Ra8 33.
Rxa8 Rxa8 34. Nc5 Bxc5 35. dxc5 Ra2 36. Rc3 Bc4 37. Ra3 Rxb2 38. Ra8+ Kh7 39. Rb8 Ba6 0-1

[Event "Early-Titled-Tuesday-Blitz-June-18-2024"]
[Site "Chess.com"]
[Date "2024.06.18"]
[Round "4"]
[White "DeArron_Fox"]
[Black "KarlEmilElmer"]
[Result "1-0"]
[WhiteElo "2476"]
[BlackElo "2233"]
[TimeControl "180+1"]
[EndTime "8:40:32 PDT"]
[Termination "DeArron_Fox won by checkmate"]

1. d4 Nf6 2. c4 e6 3. Nf3 b6 4.
g3 Bb7 5. Bg2 c5 6. d5 exd5 7.
Nh4 Bd6 8. Nf5 Be5 9. Nxg7+ Kf8 10. Nf5 Ng4 11. h3 Nxf2 12. Kxf2 Qf6 13. g4 Bd4+ 14. e3 Bxb2 15. Bxb2 Qxb2+ 16. Qd2 Qf6 17. Nc3 h5 18. Bxd5 Nc6 19. Ne4 Qe5 20. Qc3 Qxc3 21. Nxc3 hxg4 22.
hxg4 Rxh1 23. Rxh1 Ne7 24. Rh8+ Ng8 25. Bxb7 Rb8 26. Nd5 Rxb7 27. Nf6 Rb8 28. Rxg8# 1-0

[Event "Early-Titled-Tuesday-Blitz-June-18-2024"]
[Site "Chess.com"]
[Date "2024.06.18"]
[Round "4"]
[White "MasterKroket"]
[Black "PeshkaCh"]
[Result "0-1"]
[WhiteElo "2544"]
[BlackElo "2859"]
[TimeControl "180+1"]
[EndTime "8:40:33 PDT"]
[Termination "PeshkaCh won by resignation"]

1. e4 e5 2. Nf3 Nc6 3. Bb5 a6 4. Ba4 Nge7 5. O-O Ng6 6. Re1 Bc5 7. c3 d6 8. h3 O-O 9. d4 exd4 10. cxd4 Ba7 11. Nc3 b5 12. Bc2 Nb4 13. Bb1 Kh8 14. d5 a5 15. Nxb5 Bb6 16. Nbd4 h6 17. Bd2 Qf6 18. Bc3 Ne5 19. Nxe5 dxe5 20. Nf3 Re8 21. a3 Na6 22. Bd3 Nc5 23. Bb5 Bd7 24. Bxd7 Nxd7 25. b4 axb4 26. axb4 Qf4 27. Qd3 Rxa1 28. Rxa1 f5 29. Re1 Nf6 30. exf5 e4 31. Qc4 Qxf5 32. Bxf6 gxf6 33. Nd4 Qf4 34. Re2 e3 35. fxe3 Rxe3 36. Rd2 Re1+ 0-1

[Event "Early-Titled-Tuesday-Blitz-June-18-2024"]
[Site "Chess.com"]
[Date "2024.06.18"]
[Round "4"]
[White "kinga2008"]
[Black "FishThatRoared"]
[Result "0-1"]
[WhiteElo "2554"]
[BlackElo "2281"]
[TimeControl "180+1"]
[EndTime "8:40:33 PDT"]
[Termination "FishThatRoared won on time"]

1. e4 c5 2. Nf3 d6 3. c3 Nf6 4.
Bd3 g6 5. Bc2 Bg7 6. O-O Nc6 7.
Re1 O-O 8. d4 cxd4 9. cxd4 e5 10.
dxe5 dxe5 11. Nc3 Bg4 12. Bg5 Nd4 13. Bb3 Bxf3 14. gxf3 h6 15. Be3 Nh5 16. Bxd4 exd4 17. Ne2 Qh4 18. Bd5 Be5 19. Ng3 Nf4 20. Bc4 d3 21. Bxd3 Rad8 22. Re3 Bd4 23. Re1 Nxd3 24. Rf1 Nxf2 25. Qe2 Nxe4+ 26. Kg2 Nxg3 27. hxg3 Qf6 28. Rad1 Rfe8 29. Qc4 Bb6 30. Rxd8 Rxd8 31. Qc2 Qd4 32. Kh2 Qe3 33. Rg1 Qxg1+ 0-1

[Event "Early-Titled-Tuesday-Blitz-June-18-2024"]
[Site "Chess.com"]
[Date "2024.06.18"]
[Round "4"]
[White "Eduard_Limonov"]
[Black "Omranalhosani21"]
[Result "1-0"]
[WhiteElo "2934"]
[BlackElo "2545"]
[TimeControl "180+1"]
[EndTime "8:40:34 PDT"]
[Termination "Eduard_Limonov won on time"]

1. e4 c5 2. Nf3 Nc6 3. Bb5 Nf6 4. e5 Nd5 5. Nc3 Nc7 6. Bc4 e6 7.
O-O Be7 8. Re1 O-O 9. Ne4 b5 10. Bd3 c4 11. Bf1 Bb7 12. b3 cxb3 13. axb3 a6 14. d4 f5 15. Nd6 Bxd6 16. exd6 Nd5 17. c4 Nf6 18. Ne5 bxc4 19. bxc4 Ne4 20. Rb1 Rb8 21. f3 Nxd6 22. Ba3 Qc7 23. d5 Nxe5 24. dxe6 Bxf3 25. Qxd6 Qxd6 26. Bxd6 Rxb1 27. Rxb1 Be4 28. e7 Re8 29. Rb8 Rxb8 30. Bxb8 Kf7 31. Bxe5 Kxe7 32. Bxg7 a5 33. Kf2 a4 34. Bb2 Ke6 35. Ke3 d6 36. g3 Kd7 37. Be2 Ke6 38. Bd1 d5 39. cxd5+ Bxd5 40. Bxa4 Be4 41. Kf4 1-0

[Event "Early-Titled-Tuesday-Blitz-June-18-2024"]
[Site "Chess.com"]
[Date "2024.06.18"]
[Round "4"]
[White "Roland_Garros_2024"]
[Black "Dreamer_01"]
[Result "0-1"]
[WhiteElo "2230"]
[BlackElo "2395"]
[TimeControl "180+1"]
[EndTime "8:40:34 PDT"]
[Termination "Dreamer_01 won by resignation"]

1. e4 e6 2. d3 d5 3. Nd2 dxe4 4. dxe4 c5 5. Ngf3 Nc6 6. Qe2 Nf6 7. Nc4 b5 8. Nce5 Nxe5 9. Nxe5 c4 10. Ng4 Bb7 11. Bg5 Be7 12. Nxf6+ Bxf6 13. Bxf6 Qxf6 14. c3 O-O 15. g3 Rfd8 16. Bg2 Rd3 17. e5 Qe7 18. O-O Bxg2 19. Kxg2 Qb7+ 20. Kg1 Rad8 21. a4 a6 22. axb5 axb5 23. Rfd1 Qd5 24. Rxd3 cxd3 25. Qe3 d2 26. Rd1 h6 27. f4 Rd7 28.
Kf2 h5 29. h4 g6 30. Qf3 Qb3 31. Qc6 Qxd1 32. Qxd7 Qe1+ 33. Kg2 d1=Q 34. Qe8+ Kg7 35.
Qe7 Qde2+ 0-1

[Event "Early-Titled-Tuesday-Blitz-June-18-2024"]
[Site "Chess.com"]
[Date "2024.06.18"]
[Round "4"]
[White "falzehope0"]
[Black "Yeritsyaan"]
[Result "0-1"]
[WhiteElo "2446"]
[BlackElo "2679"]
[TimeControl "180+1"]
[EndTime "8:40:35 PDT"]
[Termination "Yeritsyaan won by checkmate"]

1. d4 d5 2. e3 Nf6 3. Bd3 g6 4. f4 Bg7 5. Nf3 O-O 6. O-O b6 7. Nbd2 Ba6 8. b3 Bxd3 9. cxd3 c5 10. Bb2 e6 11. Ne5 Nfd7 12. Qg4 Nxe5 13. fxe5 Nc6 14. Nf3 cxd4 15. exd4 Rc8 16. Ba3 Ne7 17. Rf2 Rc3 18. Rd1 h6 19. Bb4 Rc6 20. Rdf1 Re8 21. Nh4 Nf5 22. Nxg6 fxg6 23. Qxg6 Rc7 24. g4 Nh4 25.
Qh5 Kh7 26. Kh1 Rg8 27. Rf7 Rxf7 28. Qxf7 Qe8 29. Qxa7 Qg6 30. Qd7 Qxg4 31. Bd2 Qg2# 0-1

[Event "Early-Titled-Tuesday-Blitz-June-18-2024"]
[Site "Chess.com"]
[Date "2024.06.18"]
[Round "4"]
[White "Wizard_97"]
[Black "esskeettit"]
[Result "1-0"]
[WhiteElo "2728"]
[BlackElo "2504"]
[TimeControl "180+1"]
[EndTime "8:40:35 PDT"]
[Termination "Wizard_97 won by resignation"]

1. e4 c5 2. Nf3 Nc6 3. d4 cxd4 4. Nxd4 g6 5. c4 Nf6 6. Nc3 d6 7. Be2 Nxd4 8. Qxd4 Bg7 9. Be3 O-O 10. Qd2 Qa5 11.
O-O Be6 12. Rac1 Rfc8 13. b3 a6 14. f4 Rd8 15. f5 gxf5 16. exf5 Bxf5 17. b4 Qe5 18.
Bd4 Qe6 19. Bf3 Rab8 20. Rce1 Qxc4 21. Nd5 Nxd5 22. Bxg7 Kxg7 23. Bxd5 Qd3 24. Qg5+ Bg6 25. Rxe7 Kh8 26. Qf6+ Kg8 27. Bxf7+ 1-0

[Event "Early-Titled-Tuesday-Blitz-June-18-2024"]
[Site "Chess.com"]
[Date "2024.06.18"]
[Round "4"]
[White "Forge13"]
[Black "ImportedItalianMaple"]
[Result "1/2-1/2"]
[WhiteElo "2695"]
[BlackElo "2516"]
[TimeControl "180+1"]
[EndTime "8:40:36 PDT"]
[Termination "Game drawn by repetition"]

1. e4 g6 2. d4 Bg7 3. Nc3 d5 4.
exd5 Nf6 5. Nf3 Nxd5 6. Be2 Nxc3 7. bxc3 c5 8. O-O O-O 9. h3 Nc6 10. Be3 Qa5 11. Qd3 Bf5 12. Qb5 Qxb5 13. Bxb5 cxd4 14. cxd4 Bxc2 15. Rfc1 Be4 16. Nd2 Bd5 17. Nb3 Bxb3 18. axb3 Nxd4 19. Bxd4 Bxd4 20. Ra2 a6 21. Be2 Bb6 22. Bf3 Rab8 23. Rd2 Rfd8 24. Rcd1 a5 25. Rxd8+ Rxd8 26. Rxd8+ Bxd8 27. Bxb7 Bb6 28. Bd5 e6 29.
Bc4 Kf8 30. Kf1 Ke7 31. Ke2 g5 32. g4 f5 33. f3 Kf6 34. Kd3 Ke5 35. Ke2 h6 36. Ba6 Kf4 37. Bc8 fxg4 38. hxg4 e5 39. Bb7 Kg3 40. Be4 Kh4 41. Bg6 Bc5 42. Bh5 Kg3 43. Bg6 Bd4 44. Bh7 Kf4 45. Bg6 Bc5 46. Bh7 Kg3 47. Be4 Bd4 48. Bf5 Bb2 49. Be4 Bd4 50.
Bd3 Bc5 51. Be4 Bf8 52. Bd3 Kf4 53. Be4 Kg3 54. Bd3 Kh4 55. Bg6 Kh3 56. Bd3 Kg3 57.
Bc2 Kf4 58. Be4 Kg3 1/2-1/2

[Event "Early-Titled-Tuesday-Blitz-June-18-2024"]
[Site "Chess.com"]
[Date "2024.06.18"]
[Round "4"]
[White "ChessFanNM"]
[Black "Squirlolz"]
[Result "0-1"]
[WhiteElo "2308"]
[BlackElo "2506"]
[TimeControl "180+1"]
[EndTime "8:40:36 PDT"]
[Termination "Squirlolz won on time"]

1. e4 c5 2. Nf3 d6 3. Bb5+ Nc6 4. O-O Bd7 5. Re1 a6 6. Bf1 Bg4 7. c3 e5 8. Na3 g6 9. Nc4 Bg7 10. Ne3 Be6 11. Bc4 Bxc4 12. Nxc4 Nge7 13. a4 O-O 14. d3 d5 15. Ncd2 Qd7 16. exd5 Nxd5 17. Nc4 Rad8 18. Ncxe5 Nxe5 19. Nxe5 Qc7 20. Nf3 Rd7 21.
Qe2 h6 22. a5 Rfd8 23. Ra4 Nf6 24. d4 Qc6 25. Ra1 Qd5 26. dxc5 Re8 27. Be3 Ng4 28. Red1 Qc6 29. Rxd7 Qxd7 30. Qd1 Qb5 31. Bd4 Bf8 32. b4 h5 33. h3 Nh6 34. Qf1 Qc6 35.
Ne5 Qd5 36. Qc4 Rxe5 37. Qxd5 Rxd5 38. Re1 Nf5 39. Bf6 Kh7 40. g4 Nh6 41. f3 Rd3 42.
Re8 Bg7 43. Bxg7 Kxg7 44. Re7 Rxf3 45. Rxb7 hxg4 46. hxg4 Nxg4 47. b5 Rxc3 48. bxa6 Rxc5 49. a7 Rxa5 50. Kg2 Ne5 51. Kf2 Nc6 0-1

[Event "Early-Titled-Tuesday-Blitz-June-18-2024"]
[Site "Chess.com"]
[Date "2024.06.18"]
[Round "4"]
[White "SuperGPatzer"]
[Black "Lupul_Cenusiu"]
[Result "0-1"]
[WhiteElo "2093"]
[BlackElo "2730"]
[TimeControl "180+1"]
[EndTime "8:40:36 PDT"]
[Termination "Lupul_Cenusiu won on time"]

1. g4 d5 2. h3 e5 3. d4 exd4 4. Qxd4 Nc6 5. Qa4 Bd7 6. Nc3 Nb4 7. Qb3 d4 8. Ne4 Be6 9. Qa4+ b5 10. Qxb5+ c6 11. Qa4 Bd5 12. Bg2 Qe7 13. Bd2 Bxe4 14. Bxe4 Qxe4 15. Nf3 Nxc2+ 16. Kd1 Nxa1 17. Re1 Nf6 18.
Nxd4 Bc5 19. Nxc6 Qxa4+ 20. b3 Qxc6 0-1

[Event "Early-Titled-Tuesday-Blitz-June-18-2024"]
[Site "Chess.com"]
[Date "2024.06.18"]
[Round "4"]
[White "wonderfultime"]
[Black "stolencandy13"]
[Result "1-0"]
[WhiteElo "3050"]
[BlackElo "2633"]
[TimeControl "180+1"]
[EndTime "8:40:37 PDT"]
[Termination "wonderfultime won by resignation"]

1. d4 Nf6 2. Nf3 d5 3. Bf4 c5 4. c3 Nc6 5. e3 Qb6 6. Qc2 Bf5 7.
dxc5 Bxc2 8. cxb6 axb6 9. Na3 Bf5 10. Nb5 Rc8 11. Be2 Nh5 12. Bc7 e6 13. Bxb6 Be7 14.
Nfd4 Bg6 15. O-O O-O 16. a4 Nf6 17. a5 Ne4 18. Rfd1 Nc5 19. Nxc6 Rxc6 20. Na7 Rxb6 21. axb6 Bd8 22. Nc8 Bc2 23. Re1 e5 24. Ra7 Bf5 25. b4 Ne4 26. f3 Nxc3 27. Nd6 Nxe2+ 28. Rxe2 Bd7 29. Rxb7 Bc6 30. Rb8 Be7 31. Rxf8+ Kxf8 32. Nf5 Bxb4 33. Rc2 Bb7 34. Rc7 Ba6 35. b7 Bxb7 36. Rxb7 Ke8 37. Rxb4 1-0

[Event "Early-Titled-Tuesday-Blitz-June-18-2024"]
[Site "Chess.com"]
[Date "2024.06.18"]
[Round "4"]
[White "Savagelittlemole"]
[Black "jk13"]
[Result "0-1"]
[WhiteElo "2500"]
[BlackElo "2695"]
[TimeControl "180+1"]
[EndTime "8:40:37 PDT"]
[Termination "jk13 won by checkmate"]

1. e4 e5 2. Nf3 Nc6 3. Bc4 Bc5 4. O-O Nf6 5. c3 O-O 6. d4 Bb6 7. Bg5 d6 8. dxe5 Nxe5 9. Nxe5 dxe5 10. Qxd8 Rxd8 11.
Bxf6 gxf6 12. Na3 Bg4 13. h3 Bh5 14. Bb3 Be2 15. Rfc1 Rd2 16. Rc2 Rad8 17. Rac1 Kg7 18. Rxd2 Rxd2 19. Rc2 Rd1+ 20. Kh2 Bd3 21. Kg3 Bxc2 22.
Bxc2 Rd2 23. f3 Bc5 24. b4 Bf2+ 25. Kg4 Be1 26. g3 Rg2 27. f4 Rxg3+ 28. Kf5 Rf3 29.
Kg4 Rxf4+ 30. Kh5 Rh4# 0-1

[Event "Early-Titled-Tuesday-Blitz-June-18-2024"]
[Site "Chess.com"]
[Date "2024.06.18"]
[Round "4"]
[White "NovakCabarkapa"]
[Black "Angry_Twin"]
[Result "0-1"]
[WhiteElo "2747"]
[BlackElo "2923"]
[TimeControl "180+1"]
[EndTime "8:40:38 PDT"]
[Termination "Angry_Twin won by resignation"]

1. e4 c5 2. a3 Nc6 3. b4 e5 4. b5 Nd4 5. c3 Ne6 6. Bc4 Nf6 7. d3 d6 8. Ne2 Be7 9. O-O O-O 10. f4 exf4 11. Nxf4 Nxf4 12. Bxf4 d5 13. exd5 Nxd5 14. Qf3 Be6 15. Bd2 Qd7 16. a4 Bf6 17. Qg3 Kh8 18. Ra2 Rad8 19. Rc2 Rfe8 20. h3 Bf5 21. Bg5 Bxg5 22. Qxg5 Ne3 23. Rcf2 f6 24. Qh5 Bg6 25. Qxc5 Nxf1 26. Rxf1 Bxd3 27. Bxd3 Qxd3 28.
Qxa7 Rd7 29. Qc5 h6 30. Na3 Re2 31. Nc4 Qg3 32. Qf8+ 0-1

[Event "Early-Titled-Tuesday-Blitz-June-18-2024"]
[Site "Chess.com"]
[Date "2024.06.18"]
[Round "4"]
[White "ChessLover0108"]
[Black "chess94cu"]
[Result "1-0"]
[WhiteElo "2909"]
[BlackElo "2618"]
[TimeControl "180+1"]
[EndTime "8:40:38 PDT"]
[Termination "ChessLover0108 won by resignation"]

1. d4 Nf6 2. c4 e6 3. Nf3 Bb4+ 4. Bd2 a5 5. g3 b6 6. Bg2 Bb7 7. O-O O-O 8. Bg5 Be7 9. Bxf6 Bxf6 10. Nc3 d6 11. e4 Nd7 12. Qe2 e5 13. d5 Nc5 14.
Ne1 Ba6 15. b3 Qd7 16. Rb1 g6 17. Nd3 Bg7 18. a3 f5 19. b4 Nxd3 20. Qxd3 axb4 21.
axb4 fxe4 22. Nxe4 Qf5 23. Ra1 Bb7 24. Rxa8 Rxa8 25.
c5 bxc5 26. bxc5 dxc5 27. Qb3 Bc8 28. d6+ Kh8 29. dxc7 Be6 30. Qb8+ Qf8 31. Rb1 h6 32.
Qxa8 Qxa8 33. Rb8+ 1-0

[Event "Early-Titled-Tuesday-Blitz-June-18-2024"]
[Site "Chess.com"]
[Date "2024.06.18"]
[Round "4"]
[White "jamengrand"]
[Black "viktorskliarov"]
[Result "0-1"]
[WhiteElo "2305"]
[BlackElo "2653"]
[TimeControl "180+1"]
[EndTime "8:40:38 PDT"]
[Termination "viktorskliarov won by resignation"]

1. e4 c5 2. Nf3 Nc6 3. b4 b6 4. b5 Nd4 5. Nxd4 cxd4 6. Bc4 g6 7.
O-O Bg7 8. e5 Bb7 9. Re1 Qc7 10.
d3 Bxe5 11. Nd2 Bxh2+ 12. Kh1 Be5 13. Nf3 Bf6 14. Bb2 Nh6 15. Bxd4 Ng4 16. Bxf6 Nxf6 17. Qe2 e6 18. Qe5 Qxe5 19. Nxe5 h5 20. f3 h4 21. Kh2 Ke7 22. Bb3 Rac8 23. a4 Bd5 24. c4 Bb7 25. d4 d6 26. Nd3 h3 27. g3 Bxf3 28.
a5 Ng4+ 0-1

[Event "Early-Titled-Tuesday-Blitz-June-18-2024"]
[Site "Chess.com"]
[Date "2024.06.18"]
[Round "4"]
[White "Sofia_Blokhin"]
[Black "FollowRivers"]
[Result "0-1"]
[WhiteElo "2304"]
[BlackElo "2505"]
[TimeControl "180+1"]
[EndTime "8:40:38 PDT"]
[Termination "FollowRivers won by resignation"]

1. d4 Nf6 2. c4 g6 3. Nc3 Bg7 4. e4 d6 5. f3 O-O 6. Be3 c5 7. d5 e6 8. Nh3 exd5 9. cxd5 Bxh3 10. gxh3 Nh5 11. Qd2 Nd7 12. O-O-O a6 13. f4 b5 14.
Be2 b4 15. Nb1 Nhf6 16. Bf3 Re8 17. Qg2 Qa5 18. a3 Rab8 19. Rd2 Nb6 20. e5 Nc4 21. exf6 Nxe3 22. Qg5 h6 23. Qh4 Nf5 24. Qf2 Bxf6 25.
Bg4 Nd4 26. Bd1 bxa3 27. Nxa3 Nb3+ 28. Bxb3 Rxb3 29. Re1 Rxe1+ 30. Qxe1 Bxb2+ 31. Kc2 Qc3+ 32. Kd1 Qc1+ 33. Ke2 Re3+ 0-1

[Event "Early-Titled-Tuesday-Blitz-June-18-2024"]
[Site "Chess.com"]
[Date "2024.06.18"]
[Round "4"]
[White "Athanasios2"]
[Black "artin10862"]
[Result "0-1"]
[WhiteElo "2752"]
[BlackElo "2938"]
[TimeControl "180+1"]
[EndTime "8:40:39 PDT"]
[Termination "artin10862 won by resignation"]

1. Nf3 b6 2. g3 Bb7 3. Bg2 g6 4. O-O Bg7 5. c4 Nf6 6. Nc3 O-O 7. b3 Ne4 8. Qc2 Nxc3 9. dxc3 e5 10. Rd1 d6 11. h4 Nd7 12. Bg5 f6 13. Be3 Re8 14.
b4 Qe7 15. h5 Nf8 16. hxg6 hxg6 17. c5 d5 18. Nh4 Qf7 19. Nf3 g5 20. b5 Rad8 21. c6 Bc8 22. a4 a5 23. bxa6 Bxa6 24. a5 bxa5 25. Rxa5 Bc4 26. Ra7 Rd6 27. Nd2 Bxe2 28.
Rb1 Rxc6 29. Nb3 Bh5 30. Na5 Bg6 31. Qd2 Rd6 32. Rbb7 Rd7 33. Bc5 Ne6 34. Bxd5 Be4 35. Bxe6 Qxe6 36. Qe2 Qh3 37. f3 Qxg3+ 0-1